 Dungeon Crawl Stone Soup version 0.32-a0-928-g1cae6b7ea0 (webtiles) character file.

Game seed: 12409336419908551535

5 KennySheep the Chiller (level 1, -1/10 HPs)
             Began as a Deep Elf Ice Elementalist on Apr 12, 2024.
             Slain by a gnoll
             ... wielding a +0 spear
              (6 damage)
             ... on level 1 of the Dungeon.
             The game lasted 00:01:48 (278 turns).

KennySheep the Chiller (Deep Elf Ice Elementalist)   Turns: 278, Time: 00:01:48

Health: -1/10      AC:  2    Str:  5    XL:     1   Next: 66%
Magic:  4/6        EV: 11    Int: 19    God:
Gold:   52         SH:  0    Dex: 15    Spells: 5/6 levels left

rFire   . . .        f - +0 dagger
rCold   . . .        (no shield)
rNeg    . . .        a - +0 robe
rPois   .            (no helmet)
rElec   .            (no cloak)
rCorr   .            (no gloves)
SInv    .            (no boots)
Will    .....        (no amulet)
Stlth   ++           (no ring)
HPRegen 0.21/turn    (no ring)
MPRegen 0.10/turn

%: no passive effects
@: no status effects
A: no striking features
a: no special abilities


You were on level 1 of the Dungeon.
You visited 1 branch of the dungeon, and saw 1 of its levels.

You collected 52 gold pieces.

Inventory:

Hand Weapons
 f - a +0 dagger (weapon)
Armour
 a - a +0 robe (worn)
Scrolls
 c - a scroll of teleportation {unknown}
 d - a scroll of silence {unknown}
 e - a scroll of enchant weapon {unknown}
Potions
 b - a potion of magic


   Skills:
 + Level 2.6 Dodging
 + Level 2.6 Stealth
 + Level 3.1 Spellcasting
 + Level 4.4 Ice Magic


You had 5 spell levels left.
You knew the following spells:

 Your Spells              Type           Power      Damage    Failure   Level
a - Freeze                Ice            80%        1d9       2%          1

Your spell library contained the following spells:

 Spells                   Type           Power      Damage    Failure   Level
 Frozen Ramparts          Ice            40%        1d7       7%          3
 Ozocubu's Armour         Ice            20%        N/A       7%          3
 Necrotise                Necr           12%        1d4       16%         1
 Summon Ice Beast         Ice/Summ       11%        N/A       19%         3
 Vampiric Draining        Necr           3%         2d6       41%         3
 Martyr's Knell           Necr/Summ      3%         N/A       83%         4
 Curse of Agony           Necr           3%         N/A       99%         5


Dungeon Overview and Level Annotations

Branches:
Dungeon (1/15)

Altars:


Message History

Found 9 gold pieces.
You see here a +0 dagger.
f - a +0 dagger
f - a +0 dagger (weapon)
You now have 43 gold pieces (gained 14).
You now have 52 gold pieces (gained 9).
A rat comes into view.
Found 5 stones.
A rat is nearby!
The rat squeaks loudly.
You hear a shout!
The rat barely misses you.
You hit the rat.
The rat is moderately wounded.
The rat barely misses you.
Aiming: Freeze (safe; 2% risk of failure)
Press: ? - help, Q - select action Shift-Dir - straight line, f - rat
Aim: a rat (moderately wounded)
You freeze the rat.
You kill the rat!
A gnoll comes into view. It is wielding a +0 spear.
A gnoll is nearby!
The gnoll hits you from afar with a +0 spear.
A ball python comes into view.
The gnoll closely misses you. The gnoll hits you with a +0 spear.
Ouch! That really hurt!
Aiming: Freeze (safe; 2% risk of failure)
Press: ? - help, Q - select action Shift-Dir - straight line, f - gnoll
Aim: a gnoll, wielding a +0 spear You freeze the gnoll.
The gnoll is heavily wounded.
The gnoll closely misses you.
Aiming: Freeze (safe; 2% risk of failure)
Press: ? - help, Q - select action Shift-Dir - straight line, f/p - gnoll
Aim: a gnoll, wielding a +0 spear (heavily wounded)
You freeze the gnoll.
The gnoll is severely wounded.
The gnoll hits you with a +0 spear.
Ouch! That really hurt!
You die...

#..........# #..........#
#..........# ######
#..........# ##...#
#..........# ##..^#
#..........# ## ##...#
#..........# #.# .....#
#..........# ..# #....###
#.....@....# ..#
#......######.#g######
##..#### #....#....###.#.#
#####(.....#
#....####..##.#.#####.....#..#
.....# ##..#.#.##....###....#
#...######........g#### #...##
..#...........#.#### #...#
..##...###....#.# ...##
...#.#.###....... ...#


You could see a gnoll.

Vanquished Creatures
  A bat (D:1)
  A hobgoblin (D:1)
  A quokka (D:1)
  2 rats (D:1)
5 creatures vanquished.

Notes
Turn   | Place    | Note
-------+----------+-------------------------------------------
     0 | D:1      | KennySheep the Deep Elf Ice Elementalist began the quest
                  | for the Orb.
     0 | D:1      | Reached XP level 1. HP: 10/10 MP: 6/6
   278 | D:1      | Slain by a gnoll

Illustrated notes

Levels and vault maps discovered:
D:1:      mrwooster_arrival_arrow, layout_rooms

Action                     || total
---------------------------++-------
  Melee: Dagger            ||     1
         Unarmed           ||     1
   Cast: Freeze            ||     8
 Armour: Robe              ||     6
  Dodge: Dodged            ||     5

Table legend: (Time is in decaauts)
 A = Elapsed time spent in this place.
 B = Non-inter-level travel time spent in this place.
 C = Inter-level travel time spent in this place.
 D = Time resting spent in this place.
 E = Time spent auto-exploring this place.
 F = Levels seen in this place.
 G = Mean time per level.
                   A        B        C        D        E       F      G
               +--------+--------+--------+--------+--------+-----+--------+
         Total |    277 |    277 |      0 |      0 |    206 |   1 |  277.0 |
       Dungeon |    277 |    277 |      0 |      0 |    206 |   1 |  277.0 |
               +--------+--------+--------+--------+--------+-----+--------+

Top non-repeatable levels by time:
     D:1: 277 daAuts
